 Dungeon Sprint DCSS version 0.29.1-12-g30fa7ad0bf (webtiles) character file.

Game seed: 2732222697168022053

507 Groucho the Unseen (level 6, -9/25 HPs)
             Began as a Spriggan Enchanter on Jan 8, 2023.
             Mangled by a wyvern (13 damage)
             ... in the Dungeon (Sprint II: "The Violet Keep of Menkaure").
             The game lasted 00:00:46 (49 turns).

Groucho the Unseen (Spriggan Enchanter)               Turns: 49, Time: 00:00:47

Health: -9/25      AC:  2    Str:  6    XL:     6   Next: 97%
Magic:  9/18       EV: 17    Int: 17    God:
Gold:   243        SH:  0    Dex: 13    Spells: 21/21 levels left

rFire   . . .      SeeInvis +   a - +1 dagger
rCold   . . .      Faith    .   (no shield)
rNeg    . . .      Spirit   .   b - +0 robe
rPois   .          Reflect  .   (helmet restricted)
rElec   .          Harm     .   (no cloak)
rCorr   .          Rampage  .   (gloves unavailable)
Will    +....      NoTele   +   (boots unavailable)
Stlth   ++++++....              (no amulet)
HPRegen 0.08/turn               (no ring)
MPRegen 0.16/turn               (no ring)

@: on berserk cooldown, slowed, quick
A: very small, no large weapons, unfitting armour, see invisible, speed 3,
clumsy 1, frail 1
a: no special abilities


You were in the Dungeon.
You visited 1 branch You collected 243 gold pieces.

Inventory:

Hand Weapons
 a - a +1 dagger (weapon)
Armour
 b - a +0 robe (worn)
Scrolls
 i - a scroll of blinking
Potions
 c - a potion of invisibility
 d - a potion of curing
 e - a potion of heal wounds
 g - 2 potions of magic


   Skills:
 + Level 7.3 Short Blades
 - Level 2.6 Dodging
 * Level 15.0 Stealth
 + Level 8.4 Spellcasting
 + Level 8.8 Hexes


You had 21 spell levels left.
You didn't know any spells.
Your spell library contained the following spells:

 Spells                   Type           Power      Damage    Failure   Level
 Confusing Touch          Hex            37%        N/A       1%          3
 Tukima's Dance           Hex            37%        N/A       1%          3
 Ensorcelled Hibernation  Hex/Ice        44%        N/A       2%          2
 Dazzling Flash           Conj/Hex       44%        N/A       4%          3


Dungeon Overview and Level Annotations

Branches:
Dungeon (1/1)

Altars:


Innate Abilities, Weirdness & Mutations

You are very small and have problems with some larger weapons.
You are too small for most types of armour.
You have supernaturally acute eyesight. (SInv)
You cover ground extremely quickly. (Speed+++)
You are clumsy. (Dex -2)
You are frail. (-10% HP)


Message History

The neqoxec is severely wounded.
The neqoxec misses you.
You closely miss the neqoxec.
The neqoxec is severely wounded.
The neqoxec misses you.
You hit the neqoxec.
You punch the neqoxec, but do no damage.
The neqoxec is severely wounded.
You closely miss the neqoxec.
The neqoxec is severely wounded.
The neqoxec closely misses you.
You hit the neqoxec.
The neqoxec is severely wounded.
You hit the neqoxec but do no damage.
The neqoxec is severely wounded.
Your extra speed is starting to run out.
The neqoxec gestures at you.
Strange energies course through your body.
You feel clumsy.
You catch the helpless neqoxec completely off-guard!
You impale the neqoxec!!
You kill the neqoxec!
Your Short Blades skill increases to level 7!
Your Stealth skill increases to level 15!
Your Spellcasting skill increases to level 8!
You flicker for a moment.
There is an open door, spattered with blood here.
You now have 243 gold pieces.
There is an open door, spattered with blood here.
You feel yourself slow down.
You open the door. The wyvern closely misses you.
You hit the wyvern but do no damage.
You flicker back into view.
The wyvern hisses angrily.
The wyvern bites you!
Ouch! That really hurt!
* * * LOW HITPOINT WARNING * * *
The wyvern attacks as you move away! The wyvern bites you!
Ouch! That really hurt!
You die...

## ## ##.
.## .B B.
.#$ ##
#+###.#
##.##..#
+.<.'.##+
##@##.#.#
#l###.#
$#. ###
.# #. ##
##


You could see a wyvern.

Vanquished Creatures
  4 neqoxecs (D)
4 creatures vanquished.

Notes
Turn   | Place    | Note
-------+----------+-------------------------------------------
     0 | D        | Groucho the Spriggan Enchanter began the quest for the Orb.
     0 | D        | Reached XP level 1. HP: 9/9 MP: 5/5
     3 | D        | Noticed a boulder beetle
     3 | D        | Noticed a boulder beetle
     6 | D        | Noticed a neqoxec
     6 | D        | Noticed a neqoxec
     6 | D        | Noticed a neqoxec
     6 | D        | Noticed a neqoxec
     8 | D        | Noticed a wyvern
     8 | D        | Noticed a wyvern
    13 | D        | Killed a neqoxec
    14 | D        | Reached skill level 10 in Stealth
    14 | D        | Reached skill level 5 in Spellcasting
    14 | D        | Reached XP level 2. HP: 13/13 MP: 5/9
    14 | D        | Reached XP level 3. HP: 16/16 MP: 6/11
    14 | D        | Reached XP level 4. HP: 21/21 MP: 6/12
    17 | D        | Killed a neqoxec
    18 | D        | Reached skill level 5 in Short Blades
    18 | D        | Reached skill level 12 in Stealth
    18 | D        | Reached XP level 5. HP: 24/24 MP: 6/15
    21 | D        | Gained mutation: You are frail. (-10% HP) [a neqoxec]
    22 | D        | Killed a neqoxec
    23 | D        | Reached skill level 14 in Stealth
    23 | D        | Reached XP level 6. HP: 25/25 MP: 6/17
    37 | D        | Gained mutation: You are clumsy. (Dex -2) [a neqoxec]
    38 | D        | Killed a neqoxec
    39 | D        | Reached skill level 15 in Stealth
    49 | D        | Mangled by a wyvern

Illustrated notes

Levels and vault maps discovered:
D:        the_violet_keep_of_menkaure [sprint2_stairs_cluster_1,
          sprint2_shoproom, sprint2_temple, sprint2_basic_supplies,
          sprint2_obstacle_2, sprint2_obstacle_3, sprint2_obstacle_7,
          sprint2_obstacle_1, sprint2_obstacle_6, sprint2_timed_cluster_1,
          sprint2_smallroom_cluster_1, sprint2_smallroom_final_cluster_1,
          sprint2_transparent_cluster_1, sprint2_second_timed_cluster_1,
          sprint2_sniper_area_1, sprint2_heavy_combat_area_1,
          sprint2_mutation_trap_area_1, sprint2_forest_area_1,
          sprint2_light_combat_area_1, sprint2_behind_water_1,
          sprint2_near_end_vault_1]

Skill      XL: |  1  2  3  4  5  6 |
---------------+-------------------+-----
Short Blades   | 4 5 6 7 |  7.3
Stealth        | 10 12 14 15 | 15.0
Spellcasting   | 5 7 8 |  8.4
Hexes          | 6 7 8 |  8.8
Dodging        | |  2.6

Action                   |  1- 3 |  4- 6 || total
-------------------------+-------+-------++-------
Melee: Dagger            |     3 |    23 ||    26
       Punch             |       |     1 ||     1
  Use: Potion            |     3 |       ||     3
 Stab: Invisible         |     2 |     3 ||     5
Dodge: Dodged            |       |     8 ||     8
